 Dungeon Crawl Stone Soup version 0.27-a0-686-gaed091b46b (webtiles) character file.

Game seed: 16427966533734879007

711 Allula97 the Covered (level 7, -3/62 HPs)
             Began as a Deep Dwarf Fighter on Mar 21, 2021.
             Was an Initiate of Makhleb.
             Slain by an ogre
             ... wielding a +0 giant club
              (22 damage)
             ... on level 5 of the Dungeon.
             The game lasted 00:10:27 (3742 turns).

Allula97 the Covered (Deep Dwarf Fighter)           Turns: 3742, Time: 00:10:29

Health: -3/62      AC: 10    Str: 21      XL:     7   Next: 40%
Magic:  6/6        EV:  6    Int:  9      God:    Makhleb [......]
Gold:   279        SH:  9    Dex:  7 (12) Spells: 6/6 levels left

rFire    . . .     SeeInvis .   a - +0 war axe
rCold    . . .     Faith    .   c - +0 kite shield
rNeg     . . .     Spirit   .   s - +0 chain mail
rPois    .         Reflect  .   (no helmet)
rElec    .         Harm     .   (no cloak)
rCorr    +         Rampage  .   (no gloves)
Will     +....                  (no boots)
Stlth    ..........             (no amulet)
HPRegen  0.00/turn              m - ring of resist corrosion
MPRegen  0.10/turn              (no ring)

@: mighty, non-regenerating
A: damage resistance, heal wounds, sense surroundings 1, no regeneration
a: Heal Wounds, Renounce Religion


You were on level 5 of the Dungeon.
You worshipped Makhleb.
Makhleb was noncommittal.
You visited 1 branch of the dungeon, and saw 5 of its levels.

You collected 279 gold pieces.

Inventory:

Hand Weapons
 a - a +0 war axe (weapon)
Armour
 b - a +0 scale mail
 c - a +0 kite shield (worn)
 s - a +0 chain mail (worn)
Jewellery
 m - a ring of resist corrosion (right hand)
Wands
 n - a wand of polymorph (7)
 q - a wand of charming (10)
Scrolls
 g - a scroll of identify {unknown}
 i - 4 scrolls of teleportation
 r - a scroll of fear {unknown}
 t - a scroll of noise {unknown}
Potions
 e - a potion of brilliance {unknown}
 f - 2 potions of berserk rage {unknown}
 h - a potion of flight {unknown}
 j - 2 potions of cancellation {unknown}
 k - a potion of degeneration {unknown}
 l - a potion of curing {unknown}
 o - a potion of mutation {unknown}
 p - a potion of attraction {unknown}
 u - a potion of heal wounds {unknown}
 v - a potion of ambrosia {unknown}


   Skills:
 * Level 3.6 Fighting
 * Level 5.4(5.5) Axes
 * Level 1.3(3.1) Polearms
 * Level 5.5 Armour
 * Level 2.7 Dodging
 * Level 2.9 Stealth
 - Level 4.0 Shields


You had 6 spell levels left.
You didn't know any spells.
Your spell library contained the following spells:

 Spells                   Type           Power      Damage    Failure   Level
 Freeze                   Ice            0%         1d3       100%        1
 Magic Dart               Conj           0%         1d3       100%        1
 Blink                    Tloc           N/A        N/A       100%        2
 Call Imp                 Summ           0%         N/A       100%        2
 Slow                     Hex            0%         N/A       100%        2
 Conjure Flame            Conj/Fire      0%         6-21      100%        3
 Frozen Ramparts          Ice            0%         1d2       100%        3
 Mephitic Cloud           Conj/Pois/Air  0%         N/A       100%        3
 Ozocubu's Armour         Ice            0%         N/A       100%        3
 Hailstorm                Conj/Ice       0%         3d3       100%        4
 Summon Ice Beast         Ice/Summ       0%         N/A       100%        4


Dungeon Overview and Level Annotations

Branches:
Dungeon (5/15)
 Temple: D:4-7

Altars:
Ashenzari
Makhleb
Qazlal
Ru
Vehumet

Shops:
D:3 (


Innate Abilities, Weirdness & Mutations

You are resistant to damage.
You can heal yourself by infusing magical energy.
You passively map a small area around you.
You do not regenerate.


Message History

You slash the ogre!
The ogre is heavily wounded.
You miss the ufetubus.
The ufetubus hits you but does no damage.
You block the ufetubus's attack. The ufetubus barely misses you.
The ufetubus hits you but does no damage.
The ogre hits you with a +0 giant club. The ufetubus barely misses you.
The ufetubus hits you but does no damage.
Your chain mail prevents you from hitting the ogre.
The ogre is heavily wounded.
You hit the ufetubus but do no damage. You block the ufetubus's attack.
The ufetubus hits you but does no damage.
The ogre hits you with a +0 giant club! You block the ufetubus's attack.
The ufetubus barely misses you. The ogre hits you with a +0 giant club!
Unknown command.
You completely miss the ogre.
The ogre is heavily wounded.
You miss the ufetubus. The ufetubus barely misses you.
The ufetubus closely misses you. You block the ogre's attack.
The ufetubus hits you but does no damage.
You block the ufetubus's attack.
Unknown command.
Your chain mail prevents you from hitting the ogre.
The ogre is heavily wounded.
You barely miss the ufetubus.
The ufetubus hits you but does no damage. x2
You block the ogre's attack. You block the ufetubus's attack.
The ufetubus hits you.
Unknown command.
You feel very mighty all of a sudden. You block the ufetubus's attack.
The ufetubus barely misses you. The ogre hits you with a +0 giant club.
You slash the ogre!
The ogre is severely wounded.
You hit the ufetubus.
The ufetubus hits you but does no damage. x2
You block the ogre's attack. The ufetubus hits you.
The ufetubus hits you but does no damage.
The ogre hits you with a +0 giant club!!
You die...

.##.#.### .##.....#
##.....## * .####...#
##.......## *
.####...####.........# ,
* ...........+...?.....+
>(......####.........#**
, ######..# #.......#
##.# #..O5.# * #.# #.@.#
, #.# ##'## ** * #.# #.#
* , #.# #.# * * #.#
##.## *,*
##.#######...### *
##..............#####.#
#.........#...........#
##....##..##.##.######


You could see an ogre and an ufetubus.

Vanquished Creatures
  A black bear (D:5)
  A centaur (D:5)
  A howler monkey (D:5)
  A crimson imp (D:5)
  A hound (D:5)
  A quasit (D:4)
  An orc priest (D:3)
  Natasha (thrice) (D:2)
  4 orc wizards
  A worker ant (D:4)
  6 adders
  An ufetubus (D:5)
  An ooze (D:2)
  An adder skeleton (D:4)
  3 worms
  2 dart slugs (D:1)
  7 leopard geckos
  10 orcs
  5 giant cockroaches
  10 goblins
  8 hobgoblins
  4 jackals (D:5)
  A ball python skeleton (D:4)
  7 bats
  4 frilled lizards
  A giant cockroach zombie (D:5)
  9 kobolds
  6 rats
101 creatures vanquished.

Vanquished Creatures (others)
  2 plants (D:2)
2 creatures vanquished.

Grand Total: 103 creatures vanquished

Notes
Turn   | Place    | Note
-------+----------+-------------------------------------------
     0 | D:1      | Allula97 the Deep Dwarf Fighter began the quest for the
                  | Orb.
     0 | D:1      | Reached XP level 1. HP: 20/20 MP: 1/1
    74 | D:1      | Reached XP level 2. HP: 9/27 MP: 2/2
   210 | D:1      | Reached skill level 1 in Dodging
   298 | D:1      | Reached XP level 3. HP: 24/33 MP: 3/3
   775 | D:2      | Found a broken altar of Ashenzari.
   952 | D:2      | Reached XP level 4. HP: 28/42 MP: 4/4
   955 | D:2      | Found a stormy altar of Qazlal.
   992 | D:2      | Noticed Natasha
  1004 | D:2      | Killed Natasha
  1005 | D:2      | Reached skill level 1 in Stealth
  1189 | D:2      | Noticed Natasha
  1726 | D:2      | Killed Natasha
  1727 | D:2      | Reached XP level 5. HP: 42/49 MP: 5/5
  1792 | D:2      | Noticed Natasha
  1799 | D:2      | Killed Natasha
  2262 | D:3      | Found Zelugob's Antique Weapon Emporium.
  2541 | D:4      | Reached XP level 6. HP: 36/56 MP: 6/6
  2965 | D:5      | Entered Level 5 of the Dungeon
  3014 | D:5      | Found a burning altar of Makhleb.
  3015 | D:5      | Found a radiant altar of Vehumet.
  3021 | D:5      | Became a worshipper of Makhleb the Destroyer
  3147 | D:5      | Reached skill level 1 in Polearms
  3147 | D:5      | Reached skill level 5 in Armour
  3147 | D:5      | Reached XP level 7. HP: 16/62 MP: 7/7
  3230 | D:5      | Reached skill level 5 in Axes
  3432 | D:5      | Found a sacrificial altar of Ru.
  3742 | D:5      | Slain by an ogre

Illustrated notes

Levels and vault maps discovered:
D:1:      moated_graveyard_arrival, layout_loops_ring
D:2:      layout_basic, old_standard_altar, grunt_qazlal_clouds, serial_curves,
          eino_curves_02, eino_curves_01, chequers_big_river,
          minmay_misc_feat_columns, uniq_natasha
D:3:      layout_basic, serial_shops, shop, kennysheep_generic_room_16
D:4:      layout_basic
D:5:      layout_loops_corners, grunt_temple_overflow_lords_of_destruction,
          grunt_decor_fettered, nicolae_ru_awakened_eye

Skill      XL: |  1  2  3  4  5  6  7 |
---------------+----------------------+-----
Dodging        | 1 2 |  2.7
Fighting       | 3 |  3.6
Axes           | 3 4 5 |  5.4
Armour         | 4 5 |  5.5
Stealth        | 1 2 |  2.9
Shields        | 4 |  4.0
Polearms       | 1 |  1.3

Action                   |  1- 3 |  4- 6 |  7- 9 || total
-------------------------+-------+-------+-------++-------
Melee: War axe           |   127 |   208 |    53 ||   388
 Abil: Heal Wounds       |     2 |     4 |     2 ||     8
  Use: Scroll            |       |     1 |       ||     1
       Potion            |       |       |     1 ||     1
Armor: Scale mail        |    61 |   115 |       ||   176
       Chain mail        |       |    23 |    58 ||    81
Dodge: Dodged            |    51 |    92 |    26 ||   169
Block: Kite shield       |    81 |   159 |    43 ||   283

Table legend: (Time is in decaauts)
 A = Elapsed time spent in this place.
 B = Non-inter-level travel time spent in this place.
 C = Inter-level travel time spent in this place.
 D = Time resting spent in this place.
 E = Time spent auto-exploring this place.
 F = Levels seen in this place.
 G = Mean time per level.
                   A        B        C        D        E       F      G
               +--------+--------+--------+--------+--------+-----+--------+
         Total |   3972 |   3477 |    495 |      0 |   2144 |   5 |  794.4 |
       Dungeon |   3972 |   3477 |    495 |      0 |   2144 |   5 |  794.4 |
               +--------+--------+--------+--------+--------+-----+--------+

Top non-repeatable levels by time:
     D:2: 1156 daAuts
     D:5: 821 daAuts
     D:1: 816 daAuts
     D:3: 625 daAuts
     D:4: 553 daAuts
